 Dungeon Crawl Stone Soup version 0.31-a0-162-gc4c5a43528 (webtiles) character file.

Game seed: 6417215515876397806

1509 qw the Skirmisher (level 8, -20/51 HPs)
             Began as a Gargoyle Hunter on June 12, 2023.
             Demolished by a komodo dragon (22 damage)
             ... on level 6 of the Dungeon.
             The game lasted 00:02:05 (4449 turns).

qw the Skirmisher (Gargoyle Hunter)                 Turns: 4449, Time: 00:02:05

Health: -20/51     AC: 12    Str: 14    XL:     8   Next: 83%
Magic:  8/8        EV: 14    Int: 11    God:
Gold:   236        SH:  0    Dex: 25    Spells: 7/7 levels left

rFire   + + .        Y - +1 shortbow
rCold   + + .        (shield currently unavailable)
rNeg    + . .        k - +1 robe {rC+ rF+}
rPois   inf          f - +0 helmet
rElec   +            d - +0 cloak
rCorr   .            (no gloves)
SInv    .            o - +1 pair of boots of the Eleven Emperors {rElec rF+ Dex+4}
Will    .....        c - amulet of the acrobat
Stlth   ++           h - +6 ring of dexterity
HPRegen 0.28/turn    b - ring of protection from cold
MPRegen 0.11/turn

%: acrobat
@: about to teleport
A: sickness immunity, AC +5, negative energy resistance 1, electricity
resistance, torment resistance 1, petrification resistance
a: no special abilities


You were on level 6 of the Dungeon.
You visited 1 branch of the dungeon, and saw 6 of its levels.

You collected 236 gold pieces.


Innate Abilities, Weirdness & Mutations

You are immune to sickness and miasma.
Your stone body is resilient. (AC +5)
You are immune to poison.
You resist negative energy. (rN+)
You are resistant to electric shocks. (rElec)
You are resistant to unholy torment.
You are immune to petrification.


   Skills:
 - Level 6.2 Fighting
 + Level 9.3 Ranged Weapons
 - Level 1.1 Armour
 - Level 3.4 Dodging
 - Level 1.1 Stealth


You had 7 spell levels left.
You didn't know any spells.
Your spell library was empty.

Inventory:

Hand Weapons
 Y - a +1 shortbow (weapon)
Armour
 d - a +0 cloak (worn)
 f - a +0 helmet (worn)
 g - a +0 ring mail
 k - a +1 robe of resistance (worn)
 o - the +1 pair of boots of the Eleven Emperors (worn) {rElec rF+ Dex+4}
   (You found it on level 2 of the Dungeon)

   Dex:       It affects your dexterity (+4).
   rF:        It protects you from fire.
   rElec:     It insulates you from electricity.
Jewellery
 b - a ring of protection from cold (right hand)
 c - an amulet of the acrobat (around neck)
 e - a +6 ring of strength
 h - a +6 ring of dexterity (left hand)
Wands
 s - a wand of digging (2)
Scrolls
 a - a scroll of teleportation
 j - a scroll of identify
Potions
 i - 2 potions of attraction
 l - a potion of might
 n - a potion of curing
 p - a potion of invisibility {unknown}
 q - a potion of brilliance {unknown}
 r - a potion of resistance {unknown}

Dungeon Overview and Level Annotations

Branches:
Dungeon (6/15)
 Temple: D:4-7

Altars:
Kikubaaqudgha
Nemelex Xobeh
Wu Jian
Xom

Shops:
D:1 (


Message History

a - 2 scrolls of teleportation (gained 1)
An adder comes into view.
Enter note:
Enter note: You shoot an arrow.
The arrow hits the adder!
You kill the adder!
A komodo dragon comes into view.
The komodo dragon hisses angrily.
Enter note: You shoot an arrow.
The arrow hits the komodo dragon!
The komodo dragon is moderately wounded.
You shoot an arrow.
The arrow closely misses the komodo dragon.
You shoot an arrow.
The arrow barely misses the komodo dragon.
You shoot an arrow.
The arrow closely misses the komodo dragon.
The komodo dragon barely misses you.
You shoot an arrow.
The arrow hits the komodo dragon but does no damage.
The komodo dragon is lightly wounded.
The komodo dragon bites you but does no damage.
You shoot an arrow. The arrow hits the komodo dragon!
The komodo dragon is moderately wounded.
The komodo dragon bites you!
You shoot an arrow.
The arrow hits the komodo dragon but does no damage.
The komodo dragon is moderately wounded.
The komodo dragon bites you!
You shoot an arrow.
The arrow barely misses the komodo dragon.
The komodo dragon bites you!!
4448 ||| READING 2 scrolls of teleportation.
As you read the scroll of teleportation, it crumbles to dust.
You feel strangely unstable. The komodo dragon closely misses you.
You shoot an arrow.
The arrow closely misses the komodo dragon.
The komodo dragon bites you!!
You die...

### ### ######## ... ...
#...<..# .. .. #......#
.###. #..##..# ## #...#
##..#....# #.. #.l.#.
#...#...### #..###@.#.
#..###..#..
#...#..###..#...#...#
#...#...#...#...#...#
#...##..#. .#...##.+#
###.###..#..###.###..#.#
.........#...........#.#
###.###..#..###.###..#.#
#...##..#...#...##..#
#...#...#...#...#...#


You could see a komodo dragon.

Vanquished Creatures
  Sigmund (D:2)
  A wyvern (D:5)
  3 ice beasts
  An ogre (D:5)
  3 phantoms
  A scorpion (D:4)
  A howler monkey (D:5)
  3 hounds
  3 orc priests
  An iguana (D:3)
  2 orc wizards
  A sleepcap (D:4)
  9 adders
  3 gnolls (D:5)
  3 ufetubi
  2 worms
  5 dart slugs
  18 orcs
  12 ball pythons
  5 endoplasms
  6 giant cockroaches
  11 hobgoblins
  3 jackals (D:2)
  2 quokkas
  4 bats
  3 frilled lizards
  13 goblins
  7 kobolds
  A rat (D:1)
128 creatures vanquished.

Notes
Turn   | Place    | Note
-------+----------+-------------------------------------------
     0 | D:1      | qw the Gargoyle Hunter began the quest for the Orb.
     0 | D:1      | Reached XP level 1. HP: 12/12 MP: 1/1
     0 | D:1      | 0 ||| qw: Version: 0.2-a-29-gc1b59c4
     0 | D:1      | 0 ||| qw: Game counter: 4407
     0 | D:1      | 0 ||| qw: Always use a shield: true
     0 | D:1      | 0 ||| qw: God list: Okawaru
     0 | D:1      | 0 ||| qw: Allow faded altars: false
     0 | D:1      | 0 ||| qw: Do Orc after D:15 true
     0 | D:1      | 0 ||| qw: Do second Lair branch before Depths: true
     0 | D:1      | 0 ||| qw: Lair rune preference: random
     0 | D:1      | 0 ||| qw: Plans: Normal, Zot:1-4, Slime:5, God:TSO, Crypt,
                  | Tomb, Abyss, Pan, Hells, Win
     0 | D:1      | 0 ||| PLANNING D:1-11
    89 | D:1      | Found Topsurem's Weapon Emporium.
   101 | D:1      | 101 ||| SHOPLISTING +2 orcbow of freezing (219 gold, have
                  | 14).
   113 | D:1      | Reached XP level 2. HP: 17/17 MP: 2/2
   611 | D:1      | Reached XP level 3. HP: 21/21 MP: 3/3
   858 | D:1      | 858 ||| UPGRADING to +0 pair of boots.
   863 | D:1      | 863 ||| UPGRADING to +0 ring mail.
   873 | D:1      | 873 ||| DROPPING +0 leather armour.
   874 | D:1      | 874 ||| UPGRADING to +6 ring of dexterity.
   875 | D:1      | 875 ||| READING scroll labelled MUREFANUDU.
   876 | D:1      | 876 ||| READING scroll labelled DANKAMPAOQI.
   877 | D:1      | 877 ||| DROPPING scroll of butterflies.
   973 | D:2      | Reached skill level 1 in Armour
   992 | D:2      | Reached skill level 5 in Ranged Weapons
  1174 | D:2      | Noticed Sigmund
  1185 | D:2      | Killed Sigmund
  1186 | D:2      | Reached XP level 4. HP: 26/31 MP: 4/4
  1186 | D:2      | Reached XP level 5. HP: 29/35 MP: 5/5
  1229 | D:2      | Reached XP level 6. HP: 40/40 MP: 6/6
  1393 | D:2      | Identified the +1 pair of boots of the Eleven Emperors
                  | {rElec rF+ Dex+4}
  1740 | D:2      | Found a faded altar of an unknown god.
  1745 | D:2      | 1745 ||| UPGRADING to +0 cloak.
  1750 | D:2      | 1750 ||| UPGRADING to +1 robe of resistance.
  1760 | D:2      | 1760 ||| UPGRADING to +1 pair of boots of the Eleven
                  | Emperors {rElec rF+ Dex+4}.
  1770 | D:2      | 1770 ||| DROPPING +0 pair of boots.
  1771 | D:2      | 1771 ||| UPGRADING to amulet of the acrobat.
  1776 | D:2      | 1776 ||| UPGRADING to ring of protection from cold.
  1777 | D:2      | 1777 ||| READING scroll labelled NAHOZUBBERO.
  1778 | D:2      | 1778 ||| READING scroll labelled UMACEZIOCE.
  1783 | D:2      | 1783 ||| READING 2 scrolls labelled CALLE ALAVEWN.
  1814 | D:3      | Found a sparkling altar of Nemelex Xobeh.
  1827 | D:3      | 1827 ||| FLEEEEING.
  1829 | D:3      | 1829 ||| FLEEEEING.
  1830 | D:3      | 1830 ||| FLEEEEING.
  1831 | D:3      | 1831 ||| FLEEEEING.
  1832 | D:3      | 1832 ||| FLEEEEING.
  1833 | D:3      | 1833 ||| FLEEEEING.
  1834 | D:3      | 1834 ||| FLEEEEING.
  1835 | D:3      | 1835 ||| FLEEEEING.
  1836 | D:3      | 1836 ||| FLEEEEING.
  1837 | D:3      | 1837 ||| FLEEEEING.
  1838 | D:3      | 1838 ||| STAIRDANCE
  1930 | D:3      | 1930 ||| STAIRDANCE
  1953 | D:3      | 1953 ||| STAIRDANCE
  2069 | D:3      | 2069 ||| STAIRDANCE
  2159 | D:3      | Found an ancient bone altar of Kikubaaqudgha.
  2643 | D:3      | 2643 ||| UPGRADING to +0 helmet.
  2648 | D:3      | 2648 ||| READING scroll labelled SIDIMU GIUSM.
  2649 | D:3      | 2649 ||| READING scroll labelled YBIUS ROSKORCH.
  2650 | D:3      | 2650 ||| DRINKING 2 red potions.
  2651 | D:3      | 2651 ||| READING 3 scrolls of identify.
  2651 | D:3      | 2651 ||| IDENTIFYING blue potion
  2652 | D:3      | 2652 ||| READING 2 scrolls of identify.
  2652 | D:3      | 2652 ||| IDENTIFYING purple potion
  2746 | D:4      | Reached skill level 6 in Ranged Weapons
  2914 | D:4      | Found a shimmering altar of Xom.
  2950 | D:4      | Reached XP level 7. HP: 44/44 MP: 7/7
  3237 | D:4      | Reached skill level 7 in Ranged Weapons
  3576 | D:4      | 3576 ||| DRINKING 2 clear potions.
  3577 | D:4      | 3577 ||| READING 2 scrolls of identify.
  3577 | D:4      | 3577 ||| IDENTIFYING fizzy amethyst potion
  3578 | D:4      | 3578 ||| DROPPING potion of degeneration.
  3607 | D:5      | Entered Level 5 of the Dungeon
  3619 | D:5      | 3619 ||| STAIRDANCE
  3684 | D:5      | Noticed a wyvern
  3692 | D:5      | HP: 10/44 [wyvern (15)]
  3693 | D:5      | 3693 ||| READING scroll of teleportation.
  3694 | D:5      | 3694 ||| DRINKING potion of heal wounds.
  3704 | D:5      | 3704 ||| FLEEEEING.
  3707 | D:5      | Killed a wyvern
  3708 | D:5      | Reached skill level 8 in Ranged Weapons
  3793 | D:5      | Reached XP level 8. HP: 46/50 MP: 8/8
  3884 | D:5      | Reached skill level 3 in Dodging
  3894 | D:5      | 3894 ||| FLEEEEING.
  3895 | D:5      | 3895 ||| FLEEEEING.
  3896 | D:5      | 3896 ||| FLEEEEING.
  3897 | D:5      | 3897 ||| FLEEEEING.
  3898 | D:5      | 3898 ||| FLEEEEING.
  3899 | D:5      | 3899 ||| FLEEEEING.
  3900 | D:5      | 3900 ||| FLEEEEING.
  3901 | D:5      | 3901 ||| FLEEEEING.
  3902 | D:5      | 3902 ||| FLEEEEING.
  3903 | D:5      | 3903 ||| FLEEEEING.
  3904 | D:5      | 3904 ||| FLEEEEING.
  3905 | D:5      | 3905 ||| FLEEEEING.
  3906 | D:5      | 3906 ||| FLEEEEING.
  3907 | D:5      | 3907 ||| FLEEEEING.
  3908 | D:5      | 3908 ||| STAIRDANCE
  3971 | D:5      | 3971 ||| STAIRDANCE
  4119 | D:5      | Found an ornate altar of the Wu Jian Council.
  4153 | D:5      | 4153 ||| Stepping ~*~*~tactically~*~*~ (outnumbered).
  4162 | D:5      | Reached skill level 9 in Ranged Weapons
  4190 | D:5      | Reached skill level 6 in Fighting
  4439 | D:6      | Noticed a komodo dragon
  4447 | D:6      | HP: 2/51 [komodo dragon (19)]
  4448 | D:6      | 4448 ||| READING 2 scrolls of teleportation.
  4449 | D:6      | Demolished by a komodo dragon

Levels and vault maps discovered:
D:1:      dpeg_arrival_round_a, layout_basic, serial_shops,
          nicolae_diamond_shop, minmay_crystal_room, item_on_display_a
D:2:      layout_basic, shapermc_ecumenical_altar_acropolis, uniq_sigmund
D:3:      layout_loops_cross, nemelex_xobeh_ov_fountains_minmay,
          mainiacjoe_overflow_small_starburst
D:4:      layout_loops_corners, mainiacjoe_overflow_surrounded_room,
          minmay_misc_feat_five, corexii_shack
D:5:      lemuel_ice_spiral_2, layout_rooms, pdpol_wu_jian_five_deadly_venoms,
          hex_intersection, kennysheep_nub, abandoned_shop
D:6:      layout_gridville, okawaru_metal_pillars_3, nicolae_titane,
          uniq_crazy_yiuf_cottage, uniq_grinder

Skill      XL: |  1  2  3  4  5  6  7  8 |
---------------+-------------------------+-----
Armour         | 1 |  1.1
Ranged Weapons | 5 6 8 9 |  9.3
Fighting       | 5 6 |  6.2
Dodging        | 2 3 |  3.4
Stealth        | |  1.1

Action                     |  1- 3 |  4- 6 |  7- 9 || total
---------------------------+-------+-------+-------++-------
   Fire: Shortbow          |   116 |   132 |   217 ||   465
    Use: Scroll            |     2 |     7 |     3 ||    12
         Potion            |       |     1 |     2 ||     3
 Armour: Leather armour    |    11 |       |       ||    11
         Ring mail         |     9 |    10 |       ||    19
         Robe              |       |     9 |    96 ||   105
  Dodge: Dodged            |    25 |    32 |   124 ||   181

Table legend:
 A = Non-vault XP
 B = Vault XP
 C = Vault XP percentage of total XP
 D = Non-vault monster count
 E = Vault monster count
 F = Vault count percentage of total count
                 A         B        C        D         E       F
            +---------+---------+-------+---------+---------+-------
      Total |    1926 |     231 |  10.7 |     127 |       1 |   0.8
            +---------+---------+-------+---------+---------+-------
        D:1 |      34 |       0 |   0.0 |      21 |       0 |   0.0
        D:2 |     151 |     231 |  60.5 |      30 |       1 |   3.2
        D:3 |     136 |       0 |   0.0 |      23 |       0 |   0.0
        D:4 |     523 |       0 |   0.0 |      26 |       0 |   0.0
        D:5 |    1069 |       0 |   0.0 |      26 |       0 |   0.0
        D:6 |      13 |       0 |   0.0 |       1 |       0 |   0.0
            +---------+---------+-------+---------+---------+-------
